 Dungeon Crawl Stone Soup version 0.30.1-9-gdf580d7c3d (webtiles) character file.

Game seed: 5259779120209784484

74 xhellsdemonx the Stinger (level 4, 33/33 HPs)
             Began as a Demonspawn Venom Mage on Oct 4, 2023.
             Quit the game on level 2 of the Dungeon.
             The game lasted 00:20:50 (2260 turns).

xhellsdemonx the Stinger (Demonspawn Venom Mage)    Turns: 2260, Time: 00:20:51

Health: 33/33      AC: 19    Str: 10    XL:     4   Next: 10%
Magic:  16/16      EV:  1    Int: 14    God:
Gold:   37         SH:  0    Dex: 17    Spells: 6/7 levels left

rFire   x . .        g - +0 spear
rCold   . . .        (no shield)
rNeg    . . .        h - +8 plate armour of Joy {rF- MP+9 Dex+3 Stlth-}
rPois   .            (no helmet)
rElec   .            e - +0 cloak
rCorr   .            (no gloves)
SInv    .            (no boots)
Will    .....        (no amulet) Stlth
                     (no ring)
HPRegen 0.25/turn    (no ring)
MPRegen 0.15/turn

%: no passive effects
@: no status effects
A: claws 1, weakness stinger 2, dopey 1
a: no special abilities


You were on level 2 of the Dungeon.
You visited 1 branch of the dungeon, and saw 2 of its levels.

You collected 37 gold pieces.

Inventory:

Hand Weapons
 g - a +0 spear (weapon)
Armour
 e - a +0 cloak (worn)
 h - the +8 plate armour of Joy (worn) {rF- MP+9 Dex+3 Stlth-}
   (You found it on level 2 of the Dungeon)

   Dex:       It affects your dexterity (+3).
   rF:        It makes you vulnerable to fire.
   MP:        It affects your magic capacity (+9).
   Stlth:     It makes you less stealthy.
Jewellery
 i - a ring of ice
Scrolls
 c - 3 scrolls of identify {unknown}
 d - a scroll of magic mapping {unknown}
 f - a scroll of vulnerability {unknown}
 j - a scroll of fog {unknown}
Potions
 a - a potion of mutation {unknown}
 b - a potion of magic


   Skills:
 * Level 2.0 Fighting
 - Level 0.5(0.6) Maces & Flails
 + Level 0.1(0.3) Polearms
 * Level 0.4(0.7) Staves
 * Level 1.1 Armour
 + Level 1.9 Dodging
 - Level 1.7 Stealth
 + Level 2.3 Spellcasting
 + Level 1.0 Transmutations
 + Level 3.4 Poison Magic


You had 6 spell levels left.
You knew the following spells:

 Your Spells              Type           Power      Damage    Failure   Level
a - Sting                 Tmut/Pois      28%        1d4       100%        1

Your spell library contained the following spells:

 Spells                   Type           Power      Damage    Failure   Level
 Ensorcelled Hibernation  Hex/Ice        2%         N/A       100%        2
 Passwall                 Tmut/Erth      2%         N/A       100%        2
 Poisonous Vapours        Pois/Air       12%        N/A       100%        2
 Sublimation of Blood     Necr           1%         N/A       100%        2
 Wereblood                Tmut           4%         N/A       100%        2
 Mephitic Cloud           Conj/Pois/Air  4%         N/A       100%        3
 Swiftness                Air            1%         N/A       100%        3
 Volatile Blastmotes      Fire/Tloc      2%         2d10      100%        3
 Fulminant Prism          Conj/Hex       0%         3d5       100%        4
 Iskenderun's Mystic Bla  Conj/Tloc      1%         2d3       100%        4
 Olgreb's Toxic Radiance  Pois           11%        N/A       100%        4
 Lee's Rapid Deconstruct  Erth           0%         3d4*      100%        5
 Summon Hydra             Summ           0%         N/A       100%        7


Dungeon Overview and Level Annotations

Branches:
Dungeon (2/15)

Altars:


Innate Abilities, Weirdness & Mutations

You have sharp fingernails.
You have a tail ending in a sharp stinger.
You are dopey. (Int -2)


Message History

The kobold hits you but does no damage.
You hit the kobold but do no damage.
The kobold is moderately wounded.
The kobold hits you but does no damage.
You closely miss the kobold.
The kobold is moderately wounded.
The kobold hits you but does no damage.
You hit the kobold.
You kill the kobold!
Found a long glowing staff.
Things that are here:
a +0 dagger; a kobold corpse
Things that are here:
a +0 dagger; a kobold corpse You see here a staff of air.
Things that are here:
a +0 dagger; a goblin corpse Your magical contamination has completely faded away.
You see here a staff of air.
You open the door.
There is an open door here.
You open the door.
Found a robe.
There is an open door here.
You see here a +0 robe.
A kobold comes into view. It is wielding a +0 dagger.
The kobold shouts!
The kobold hits you but does no damage.
You barely miss the kobold. The kobold hits you but does no damage.
You closely miss the kobold.
The kobold hits you but does no damage. x2
You hit the kobold but do no damage. The kobold hits you but does no damage.
You hit the kobold.
You kill the kobold!
Things that are here:
a +0 dagger; a kobold corpse
Found a scroll labelled HOYFEI ZEQEWE.
There is a shaft here.
c - 3 scrolls labelled HOYFEI ZEQEWE (gained 1) Unknown command.
Are you sure you want to abandon this character and quit the game? (Confirm with "yes".)

### #####.# ## ......# #. #####.#
#################. # #.#
#@...^.......).... #####'###
#.###############. ........# ..
...... .#. ###.....# #.####.#.#
... ........# #.# #.#.# ##...
###.....###.# #.#.# #....
.........##.# #.#.# #....
###......##.####.#.# #†# #
..#......##.....<#.##########.###


There were no monsters in sight!

Vanquished Creatures
  3 adders (D:2)
  A worm (D:2)
  4 bats
  5 endoplasms
  4 giant cockroaches
  2 hobgoblins (D:2)
  5 jackals (D:1)
  5 kobolds
  2 ball pythons (D:1)
  6 frilled lizards
  4 goblins
  3 rats
44 creatures vanquished.

Notes
Turn   | Place    | Note
-------+----------+-------------------------------------------
     0 | D:1      | xhellsdemonx the Demonspawn Venom Mage began the quest for
                  | the Orb.
     0 | D:1      | Reached XP level 1. HP: 13/13 MP: 3/3
   297 | D:1      | Discovered your monstrous ancestry.
   297 | D:1      | Gained mutation: You have a small tail. [demonic ancestry]
   297 | D:1      | Reached XP level 2. HP: 12/20 MP: 0/5
   929 | D:2      | Reached skill level 1 in Fighting
   929 | D:2      | Gained mutation: You have a tail ending in a sharp stinger.
                  | [demonic ancestry]
   929 | D:2      | Reached XP level 3. HP: 26/26 MP: 3/6
   988 | D:2      | Reached skill level 1 in Armour
  1251 | D:2      | Identified the +8 plate armour of Joy {rF- MP+9 Dex+3
                  | Stlth-}
  1468 | D:2      | Gained mutation: You are dopey. (Int -2) [mutagenic glow]
  1558 | D:2      | Reached skill level 1 in Transmutations
  1896 | D:2      | Gained mutation: You have sharp fingernails. [demonic
                  | ancestry]
  1896 | D:2      | Reached XP level 4. HP: 33/33 MP: 7/7
  2260 | D:2      | Quit the game

Illustrated notes

Levels and vault maps discovered:
D:1:      elethiomel_arrival_infinity_welcomes_careful_drivers,
          layout_loops_cross
D:2:      layout_basic

Skill      XL: |  1  2  3  4 |
---------------+-------------+-----
Fighting       | 1 2 |  2.0
Armour         | 1 |  1.1
Transmutations | 1 |  1.0
Maces & Flails | |  0.5
Polearms       | |  0.1
Staves         | |  0.4
Dodging        | |  1.9
Stealth        | |  1.7
Spellcasting   | |  2.3
Poison Magic   | |  3.4

Action                     |  1- 3 |  4- 6 || total
---------------------------+-------+-------++-------
  Melee: Club              |    65 |       ||    65
         Spear             |    54 |    32 ||    86
         Tailslap          |    12 |     2 ||    14
   Cast: Sting             |    32 |       ||    32
    Use: Potion            |     1 |       ||     1
 Armour: Robe              |    40 |       ||    40
         Plate armour      |    34 |    53 ||    87
  Dodge: Dodged            |    79 |     5 ||    84
